 Dungeon Crawl Stone Soup version 0.18-a0-1685-g4482fe3 (webtiles) character file.

10234 namelastname112 the Fighter (level 11, -4/87 HPs)
             Began as a Yellow Draconian Warper on Apr 4, 2016.
             Was a Priest of Dithmenos.
             Slain by beholder's ghost (16 damage)
             ... in a labyrinth.
             The game lasted 00:28:33 (17011 turns).

namelastname112 the Fighter (DrWr)                 Turns: 17011, Time: 00:28:33

Health: -4/87      AC: 13    Str: 15    XL:     11   Next: 33%
Magic:  11/14      EV: 16    Int: 14    God:    Dithmenos [***...]
Gold:   624        SH:  4    Dex: 14    Spells: 3 memorised, 7 levels left

rFire  + . .     SeeInvis .     g - +7 Screaming Sword
rCold  . . .     Gourm    .     (armour unavailable)
rNeg   . . .     Faith    .     (no shield)
rPois  .         Spirit   .     (helmet restricted)
rElec  .         Dismiss  .     Q - +2 cloak
rCorr  +         Reflect  +     w - +1 pair of gloves
SustAt .         Harm     .     u - +0 pair of boots
MR     +....                    L - +4 amulet of reflection
Stlth  ++........               y - ring of protection from magic
                                N - ring of protection from fire

@: exhausted, slowed, wreathed by umbra, very slow, somewhat resistant to
hostile enchantments, unstealthy
A: spit acid, acid resistance, unfitting armour, horns 1, stinger 1, frail 1,
strong 1, cold-blooded, AC +7
a: Spit Acid, Shadow Step, Renounce Religion


You were in a labyrinth.
You worshipped Dithmenos.
Dithmenos was most pleased with you.
You were near starving.

You visited 1 branch of the dungeon, and saw 12 of its levels.
You also visited: Labyrinth.

You collected 624 gold pieces.

Inventory:

Hand Weapons
 a - a +0 short sword
 g - the +7 Screaming Sword (weapon)
   (You found it on level 5 of the Dungeon)
 H - a +1 shortbow
Missiles
 e - 265 arrows
 O - 14 poisoned arrows
Armour
 u - a +0 pair of boots (worn)
 w - a +1 pair of gloves (worn)
 Q - a +2 cloak (worn)
Jewellery
 v - an uncursed ring of flight
 y - a ring of protection from magic (right hand)
 L - a +4 amulet of reflection (around neck)
 N - a ring of protection from fire (left hand)
Wands
 J - a wand of disintegration (20/24)
 M - a wand of acid (8/15)
 U - a wand of acid (5/15)
Scrolls
 c - 3 scrolls of blinking
 h - 3 scrolls of fog
 k - 2 scrolls of enchant armour
 l - 3 scrolls of recharging
 o - 7 scrolls of identify
 p - a scroll of enchant weapon
 q - a scroll of random uselessness
 r - a scroll of magic mapping
 s - 3 scrolls of remove curse
 t - 3 scrolls of teleportation
 T - a scroll of vulnerability {unknown}
 V - 2 scrolls of amnesia {unknown}
 Y - a scroll of holy word
Potions
 d - a potion of brilliance
 n - a potion of ambrosia
 z - a potion of might
 A - 2 potions of haste
 B - a potion of cure mutation
 C - 3 potions of agility
 D - 2 potions of flight
 E - a potion of magic
 G - 2 potions of curing
 P - a potion of resistance
 W - a potion of cancellation
Books
 b - a book of Spatial Translocations

   Spells                             Type                      Level
   a - Apportation                    Translocation                1
   b - Blink                          Translocation                2
   c - Shroud of Golubria             Charms/Translocation         2
   d - Portal Projectile              Translocation                3
   e - Teleport Other                 Translocation                3
   f - Passage of Golubria            Translocation                4
 m - a book of Flames

   Spells                             Type                      Level
   a - Flame Tongue                   Conjuration/Fire             1
   b - Throw Flame                    Conjuration/Fire             2
   c - Conjure Flame                  Conjuration/Fire             3
   d - Inner Flame                    Hexes/Fire                   3
   e - Sticky Flame                   Conjuration/Fire             4
   f - Fireball                       Conjuration/Fire             5
   Dithmenos disapproves of the use of such an item.
 x - a book of Dreams

   Spells                             Type                      Level
   a - Ensorcelled Hibernation        Hexes/Ice                    2
   b - Silence                        Hexes/Air                    5
   c - Darkness                       Hexes                        6
   d - Shadow Creatures               Summoning                    6
 I - a book of Cantrips

   Spells                             Type                      Level
   a - Corona                         Hexes                        1
   b - Animate Skeleton               Necromancy                   1
   c - Summon Small Mammal            Summoning                    1
   d - Apportation                    Translocation                1
 S - a book of Power

   Spells                             Type                      Level
   a - Fulminant Prism                Conjuration/Hexes            4
   b - Iskenderun's Mystic Blast      Conjuration                  4
   c - Venom Bolt                     Conjuration/Poison           5
   d - Bolt of Magma                  Conjuration/Fire/Earth       5
   e - Iron Shot                      Conjuration/Earth            6
   f - Orb of Destruction             Conjuration                  7
   g - Spellforged Servitor           Conjuration/Summoning        7
Comestibles
 f - 3 bread rations
 i - 8 fruits
 j - 6 meat rations


   Skills:
 + Level 9.3 Fighting
 - Level 4.4(6.2) Short Blades
 + Level 6.6(7.3) Long Blades
 * Level 8.6 Bows
 - Level 0.8 Throwing
 + Level 7.7 Dodging
 - Level 2.0 Spellcasting
 - Level 7.0 Translocations


You had 7 spell levels left.
You knew the following spells:

 Your Spells              Type           Power        Failure   Level  Hunger
a - Apportation           Tloc           ###.......   1%          1    ##.....
c - Blink                 Tloc           N/A          1%          2    ###....
x - Passage of Golubria   Tloc           N/A          14%         4    #####..


Dungeon Overview and Level Annotations

Branches:
Dungeon (12/15)            Temple (0/1) D:7             Orc (0/2) D:12
   Lair: D:8-11

Altars:
Ashenzari
Cheibriados
Dithmenos
Elyvilon
Fedhas
Gozag
Kikubaaqudgha
Makhleb
Okawaru
Pakellas
Qazlal
Ru
Trog
Vehumet
Yredelemnul

Shops:
D:10 ?

Annotations:
D:10 Josephine; namelastname112's ghost, novice DrWr Lab beholder's ghost, journeyman DrSk


Innate Abilities, Weirdness & Mutations

You can spit globs of acid.
You are resistant to acid.
Your golden yellow scales are hard (AC +7).
Your body does not fit into most forms of armour.
You are cold-blooded and may be slowed by cold attacks.
You have a pair of small horns on your head.
Your tail ends in a poisonous barb.
You are frail (-10% HP).
Your muscles are strong. (Str +2)


Message History

The Screaming Sword shouts, "My song won't be the only thing that'll get stuck in your head!"
Beholder's ghost hits you but does no damage.
Evoke which item? (* to show all) (? for menu, Esc to quit)
Zapping:
U - a wand of acid {zapped: 2} (will waste charges)
Press: ? - help, Shift-Dir - straight line, f/p - beholder's ghost
Aim: beholder's ghost (almost destroyed, shrouded, umbra)
The bolt of acid hits beholder's ghost.
Beholder's ghost appears unharmed.
Beholder's ghost is almost destroyed.
Evoking this partially-identified wand wasted a few charges.
Beholder's ghost hits you!
* * * LOW HITPOINT WARNING * * *
Drink which item? (? for menu, Esc to quit)
You feel better. Beholder's ghost hits you!
* * * LOW HITPOINT WARNING * * *
Beholder's ghost hits you.
* * * LOW HITPOINT WARNING * * *
Casting: Blink
Confirm with . or Enter, or press ? or * to list all spells.
You blink.
Beholder's ghost hits you!
You die...

. #. . #####
# # # # #..
# #.#.#..
#.# # ###.#.
##. #§#. ..
# .
#######W# ##
# #.####
#.....@.#.
.... ...
#####.######
#.# ... .
.#...... #
###. #.#.# #
### #. # .
#... ▓▓ ▓ ▓
▓▓▓


You could see beholder's ghost.

Vanquished Creatures
  Urug (D:11)
  Pikel (D:3)
  A cyclops (D:11)
  A moth of wrath (D:9)
  Maurice (D:9)
  A troll (D:10)
  A yak (D:10)
  A hungry ghost (D:7)
  Grum (D:8)
  2 hippogriffs
  A steam dragon (D:11)
  Edmund (D:4)
  A soldier ant (D:10)
  A porcupine (D:10)
  5 sky beasts
  2 black bears
  4 slaves
  3 ice beasts
  3 wolves (D:7)
  7 centaurs
  5 phantoms
  4 ogres
  A crocodile (D:10)
  Blork the orc (D:4)
  A gnoll sergeant (D:5)
  A wyvern zombie (D:6)
  4 giant frogs
  A water moccasin zombie (D:6)
  2 jellies
  6 scorpions
  8 wights
  23 killer bees
  A howler monkey (D:10)
  A wasp zombie (D:6)
  A lava snake (D:10)
  6 crimson imps
  4 giant frog skeletons
  4 centaur zombies
  6 hounds
  6 orc wizards
  2 orc priests
  A centaur skeleton (D:8)
  Crazy Yiuf (D:4)
  5 iguanas
  10 worker ants
  A hell rat (D:10)
  A killer bee zombie (D:6)
  2 sheep (D:11)
  A hound zombie (D:6)
  A worker ant zombie (D:6)
  19 gnolls
  A howler monkey zombie (D:6)
  A river rat (D:10)
  13 adders
  2 shadow imps
  2 oozes
  An ufetubus (D:10)
  4 adder skeletons
  5 worms
  3 dart slugs
  4 giant geckos
  41 orcs
  6 giant cockroaches
  10 goblins
  8 hobgoblins
  9 jackals
  2 quokkas
  2 ball pythons
  12 bats
  A giant gecko skeleton (D:4)
  2 giant gecko zombies (D:6)
  5 giant newts
  A jackal skeleton (D:6)
  A jackal zombie (D:7)
  5 kobolds
  A quokka skeleton (D:6)
  A quokka zombie (D:6)
  10 rats
322 creatures vanquished.

Notes
Turn   | Place    | Note
--------------------------------------------------------------
     0 | D:1      | namelastname112 the Draconian Warper began the quest for the Orb.
     0 | D:1      | Reached XP level 1. HP: 17/17 MP: 3/3
   229 | D:1      | Reached XP level 2. HP: 23/25 MP: 5/5
   290 | D:1      | Learned a level 2 spell: Blink
   665 | D:2      | Found an oddly glowing altar of Pakellas.
   718 | D:2      | Reached XP level 3. HP: 27/30 MP: 6/6
   926 | D:2      | Found a blossoming altar of Fedhas.
   984 | D:2      | Found a radiant altar of Vehumet.
  1107 | D:2      | Found a basalt altar of Yredelemnul.
  1109 | D:2      | Found a snail-covered altar of Cheibriados.
  1109 | D:2      | Found a white marble altar of Elyvilon.
  1113 | D:2      | Found an ancient bone altar of Kikubaaqudgha.
  1345 | D:2      | Reached skill level 3 in Fighting
  1346 | D:2      | jacquesderrida: НАМИР
  1360 | D:2      | jacquesderrida: ЧЕ НАТВОРИЛ
  1411 | D:2      | jacquesderrida: Теперь фиолетовым придется играть
  1411 | D:2      | namelastname112: кентавр в спину выстрелил
  1411 | D:2      | jacquesderrida: Готовься, намир
  1465 | D:3      | Reached XP level 4. HP: 30/38 MP: 7/7
  2238 | D:3      | Found a shadowy altar of Dithmenos.
  2244 | D:3      | jacquesderrida: ОРКЕРЫ
  2259 | D:3      | HP: 1/57 [orc/dagger (6)]
  2309 | D:3      | jacquesderrida: LALE
  2738 | D:3      | Reached XP level 5. HP: 17/45 MP: 8/8
  2929 | D:3      | Learned a level 4 spell: Passage of Golubria
  3959 | D:4      | Noticed an ogre
  4096 | D:4      | Noticed a slave
  4096 | D:4      | Noticed a slave
  4097 | D:4      | Noticed a slave
  4098 | D:4      | Noticed Pikel
  4098 | D:4      | Noticed a slave
  4148 | D:3      | Killed a slave
  4509 | D:4      | Noticed Edmund
  4828 | D:3      | Killed a slave
  5096 | D:3      | HP: 1/46 [Pikel/whip of flaming (2)]
  5762 | D:4      | Noticed Blork the orc
  6022 | D:5      | Entered Level 5 of the Dungeon
  6050 | D:5      | Reached skill level 4 in Fighting
  6050 | D:5      | Reached XP level 6. HP: 41/52 MP: 9/9
  6310 | D:6      | Found a stormy altar of Qazlal.
  6903 | D:5      | HP: 1/53 [phantom (9)]
  7268 | D:5      | Killed a slave
  7726 | D:5      | Found a burning altar of Makhleb.
  7726 | D:5      | Noticed a balrug
  7798 | D:5      | Your scales start taking on a golden yellow colour.
  7798 | D:5      | Reached XP level 7. HP: 60/60 MP: 10/10
  8079 | D:5      | Reached skill level 5 in Translocations
  8397 | D:5      | Reached skill level 5 in Fighting
  8433 | D:5      | Reached skill level 1 in Long Blades
  8813 | D:5      | Reached XP level 8. HP: 58/69 MP: 11/11
  8982 | D:5      | Reached skill level 1 in Bows
  9296 | D:4      | Noticed Crazy Yiuf
  9302 | D:4      | Killed Crazy Yiuf
  9471 | D:4      | Found an iron altar of Okawaru.
  9579 | D:4      | Killed Blork the orc
 10158 | D:3      | Reached skill level 5 in Dodging
 10165 | D:3      | Killed Pikel
 10165 | D:3      | Reached skill level 6 in Fighting
 10284 | D:4      | Killed Edmund
 10284 | D:4      | Reached XP level 9. HP: 48/75 MP: 12/12
 10460 | D:3      | Became a worshipper of Dithmenos the Shadowed
 10492 | D:5      | jacquesderrida: SINGIRN
 10814 | D:6      | jacquesderrida: DAVAI MACHI NAMERGNER
 10980 | D:6      | Reached * piety under Dithmenos
 11761 | D:7      | Found a white marble altar of Elyvilon.
 11782 | D:7      | Found a sacrificial altar of Ru.
 11810 | D:7      | Reached skill level 7 in Fighting
 11810 | D:7      | Reached skill level 5 in Bows
 12006 | D:7      | Found a staircase to the Ecumenical Temple.
 12911 | D:8      | Noticed Grum
 13128 | D:7      | Reached ** piety under Dithmenos
 13169 | D:7      | Reached XP level 10. HP: 78/86 MP: 13/13
 13230 | D:8      | Killed Grum
 13244 | D:7      | Reached skill level 5 in Long Blades
 13916 | D:8      | Found a shattered altar of Ashenzari.
 14039 | D:8      | Found a snail-covered altar of Cheibriados.
 14102 | D:8      | Gained mutation: You have a pair of small horns on your head. [potion of mutation]
 14102 | D:8      | Gained mutation: Your muscles are strong. (Str +2) [potion of mutation]
 14102 | D:8      | Gained mutation: You are frail (-10% HP). [potion of mutation]
 14119 | D:9      | Found an opulent altar of Gozag.
 14151 | D:9      | Noticed Maurice
 14299 | D:9      | Reached skill level 8 in Fighting
 14340 | D:9      | Killed Maurice
 14501 | D:9      | Noticed a moth of wrath
 14504 | D:9      | Found a bloodstained altar of Trog.
 14532 | D:9      | Killed a moth of wrath
 14746 | D:10     | Entered Level 10 of the Dungeon
 14944 | D:10     | Found Teavygai's Magic Scroll Emporium.
 15006 | D:10     | Reached *** piety under Dithmenos
 15051 | D:10     | Noticed Josephine
 15508 | D:10     | Reached XP level 11. HP: 75/85 MP: 14/14
 15940 | D:10     | Noticed namelastname112's ghost (novice DrWr)
 16009 | D:11     | Reached skill level 9 in Fighting
 16276 | D:11     | Gained mutation: Your tail ends in a poisonous barb. [mutagenic meat]
 16375 | D:11     | Noticed Urug
 16399 | D:11     | Killed Urug
 16407 | D:12     | Found a labyrinth entrance.
 16416 | Lab      | Entered a labyrinth
 16978 | Lab      | Noticed beholder's ghost (journeyman DrSk)
 17011 | Lab      | Slain by beholder's ghost

Vault maps used:
D:1:      dpeg_arrival_rhombi, item_on_display_a
D:2:      nicolae_overflow_crystal_walls, lemuel_doored_altar, minitemple,
          minmay_close_crescents
D:3:      lemuel_round_altar, first_bread, wad_orctagon
D:4:      okawaru_altar_gauntlet_db, minivault_24, uniq_edmund, uniq_pikel,
          uniq_crazy_yiuf_cottage, uniq_blork_the_orc
D:5:      old_forge, makhleb_altar_promises_db
D:6:      kennysheep_little_box, serial_undead, serial_undead_a,
          serial_undead_e, serial_undead_a, serial_undead_b, serial_undead_d
D:7:      wad_pebble_path, nicolae_ru_awakened_eye, minmay_temple_entry_mist,
          basic_altar, minmay_misc_feat_columns
D:8:      kennysheep_mini_moat, grunt_decor_one_mirror, cheibriados_altar_1,
          uniq_grum
D:9:      tgw_trog, basic_altar, uniq_maurice
D:10:     dpeg_lair_monsters, serial_ice, serial_ice_j, serial_ice_d,
          serial_ice_h, serial_ice_c, serial_ice_g, serial_ice_m, serial_shops,
          nicolae_shop_window_shopping, david_nohive_1, kennysheep_potato,
          uniq_josephine
D:11:     minivault_12, uniq_sonja, uniq_urug
D:12:     orc_0_dummy, enter_bailey_7, serial_shops, shop, shop,
          nicolae_shop_scaring_up_business, lab_entry_generic
Lab:      labyrinth_hidden_loot, labyrinth_skeletal_remains

Skill      XL: |  1  2  3  4  5  6  7  8  9 10 11 |
---------------+----------------------------------+-----
Fighting       | 3 4 5 6 7 8 9 |  9.3
Dodging        | 3 4 5 6 7 |  7.7
Translocations | 4 5 6 7 |  7.0
Short Blades   | 3 4 |  4.4
Long Blades    | 2 3 4 6 |  6.6
Bows           | 3 6 8 |  8.6
Throwing       | |  0.8
Spellcasting   | |  2.0

Action                   |  1- 3 |  4- 6 |  7- 9 | 10-12 || total
-------------------------+-------+-------+-------+-------++-------
Melee: Short sword       |   168 |   633 |    61 |       ||   862
       Double sword      |       |       |   308 |   358 ||   666
Throw: Tomahawk          |       |     5 |       |       ||     5
 Cast: Blink             |       |    11 |       |     2 ||    13
       Passage of Golubr |       |       |       |     5 ||     5
 Abil: Spit Acid         |       |       |     8 |     6 ||    14
Evoke: Wand              |       |       |       |     5 ||     5
       Deck              |       |       |       |     2 ||     2
  Use: Potion            |       |     7 |       |     7 ||    14
       Scroll            |       |       |     1 |    21 ||    22
 Stab: Sleeping          |     3 |       |     1 |     1 ||     5
       Invisible         |       |     5 |       |       ||     5
  Eat: Chunk             |     1 |    13 |    17 |    15 ||    46
       Meat ration       |       |     2 |       |       ||     2
       Royal jelly       |       |     1 |       |       ||     1
       Pizza             |       |       |     1 |       ||     1
       Fruit             |       |       |     1 |     1 ||     2
